 Dungeon Crawl Stone Soup version 0.18-a0-1024-gf1736fb (webtiles) character file.

41 Duffy the Caller (level 3, -6/24 HPs)
             Began as a Merfolk Summoner on Jan 7, 2016.
             Mangled by a worm (13 damage)
             ... on level 2 of the Dungeon.
             The game lasted 00:02:08 (2620 turns).

Duffy the Caller (Merfolk Summoner)                 Turns: 2620, Time: 00:02:09

Health: -6/24      AC:  3    Str:  8    XL:     3   Next: 52%
Magic:  7/7        EV: 13    Int: 15    God:
Gold:   55         SH:  0    Dex: 14    Spells: 3 memorised, 1 level left

rFire  . . .     SeeInvis .     g - +0 dagger
rCold  . . .     Gourm    .     a - +0 robe
rNeg   . . .     Faith    .     (no shield)
rPois  .         Spirit   .     p - +0 helmet
rElec  .         Dismiss  .     (no cloak)
rCorr  .         Reflect  .     (no gloves)
SustAt .         Harm     +     (no boots)
MR     .....                    l - amulet of harm
Stlth  ++........               (no ring)
                                (no ring)

@: not resistant to hostile enchantments, unstealthy
A: change form in water, swift swim
a: no special abilities


You were on level 2 of the Dungeon.
You were hungry.

You visited 1 branch of the dungeon, and saw 2 of its levels.

You collected 55 gold pieces.


   Skills:
 - Level 2.6 Dodging
 - Level 2.1 Stealth
 + Level 2.9 Spellcasting
 + Level 4.6 Summonings


You had one spell level left.
You knew the following spells:

 Your Spells              Type           Power        Failure   Level  Hunger
a - Summon Small Mammal   Summ           ###.         3%          1    #......
i - Call Imp              Summ           ###.....     6%          2    ##.....
n - Call Canine Familiar  Summ           ###.....     12%         3    ###....

Inventory:

Hand Weapons
 g - a +0 dagger (weapon)
Missiles
 j - 9 stones (quivered)
Armour
 a - a +0 robe (worn)
 p - a +0 helmet (worn)
Jewellery
 l - an amulet of harm (around neck)
Scrolls
 e - 2 scrolls of remove curse {unknown}
 f - a scroll of fog {unknown}
 i - a scroll of immolation {unknown}
 k - 4 scrolls of identify {unknown}
 m - a scroll of teleportation {unknown}
 n - a scroll of random uselessness {unknown}
Potions
 d - a potion of curing {unknown}
 h - a potion of magic {unknown}
 q - a potion of degeneration {unknown}
Books
 b - a book of Callings
Comestibles
 c - a bread ration
 r - a meat ration

Dungeon Overview and Level Annotations

Branches:
Dungeon (2/15)

Altars:
Nemelex Xobeh


Message History

You are too injured to fight recklessly!
You are too injured to fight recklessly!
You are too injured to fight recklessly!
You are too injured to fight recklessly!
You are too injured to fight recklessly!
You are too injured to fight recklessly!
You are too injured to fight recklessly!
You barely miss the worm.
The worm is lightly wounded.
You hit the worm but do no damage.
The worm is lightly wounded.
The worm closely misses you.
You barely miss the worm.
The worm is lightly wounded.
The worm closely misses you.
You hit the worm.
The worm is moderately wounded.
You barely miss the worm.
The worm is moderately wounded.
The worm bites you.
You hit the worm but do no damage.
The worm is moderately wounded.
You barely miss the worm.
The worm is moderately wounded.
The worm bites you but does no damage.
You hit the worm but do no damage.
The worm is lightly wounded.
The worm misses you.
You hit the worm but do no damage.
The worm is lightly wounded.
You hit the worm.
The worm is moderately wounded.
The worm bites you!
Ouch! That really hurt!
You die...

#. ...########.# # ..(# #.
.........##.# # #...# #.
########.##.# # ### #...# #.
##.##.# . ..# #...# #. ##...#.##
# #.# #...# #.#######.###...#
#####.# #...# #.........# #...###
......###...###..######.###.....#
.###............@# ####...####..
.####.###...####w# #.....## ##.
............####.# #.#.########.
#####.###........# #............
......###...###### #.####.####..
...............######.##.....##..
##########.###........#.......#..
# #(# #######..#.......#.. # #.#
#....%._......


You could see a worm.

Action                   || total
-------------------------++-------
Melee: Dagger            ||   110
 Cast: Summon Small Mamm ||    17
       Call Imp          ||     2
 Stab: Sleeping          ||     2
  Eat: Chunk             ||     5

Notes
Turn   | Place    | Note
--------------------------------------------------------------
     0 | D:1      | Duffy the Merfolk Summoner began the quest for the Orb.
     0 | D:1      | Reached XP level 1. HP: 13/13 MP: 3/3
   518 | D:1      | Reached XP level 2. HP: 19/19 MP: 0/5
   524 | D:1      | Learned a level 2 spell: Call Imp
  1622 | D:1      | Reached XP level 3. HP: 16/24 MP: 6/6
  2073 | D:2      | Learned a level 3 spell: Call Canine Familiar
  2494 | D:2      | Found a sparkling altar of Nemelex Xobeh.
  2620 | D:2      | Mangled by a worm

Vault maps used:
D:1:      shiori_arrival_oz, serial_forest, infiniplex_forest_pool,
          infiniplex_forest_end_1, infiniplex_forest_zigzag_2,
          infiniplex_forest_clump_medium, infiniplex_forest_lined_2,
          infiniplex_forest_straight_2, infiniplex_forest_straight_4,
          infiniplex_forest_zigzag_2
D:2:      old_standard_altar, kennysheep_generic_room_4

Vanquished Creatures
  A gnoll
  An adder
  A worm
  A bat
  A giant cockroach
  7 goblins
  3 hobgoblins
  A giant newt
  7 kobolds
  2 rats
25 creatures vanquished.
